 Dungeon Crawl Stone Soup version 0.22.0-6-g71bd7aa6b3 (webtiles) character file.

226 Rerark the Skirmisher (level 6, -3/53 HPs)
             Began as a Hill Orc Fighter on Aug 14, 2018.
             Was an Initiate of Trog.
             Slain by an iguana (6 damage)
             ... on level 3 of the Dungeon.
             The game lasted 00:11:28 (3518 turns).

Rerark the Skirmisher (Hill Orc Fighter)            Turns: 3518, Time: 00:11:29

Health: -3/53      AC:  4    Str: 21    XL:     6   Next: 1%
Magic:  6/6        EV:  9    Int:  8    God:    Trog [......]
Gold:   83         SH:  9    Dex: 10    Spells: 5/5 levels left

rFire    + . .     SeeInvis .   o - +0 war axe
rCold    + . .     Gourm    .   c - +0 shield
rNeg     . . .     Faith    .   j - +1 leather armour {rC+}
rPois    .         Spirit   .   (no helmet)
rElec    .         Reflect  .   (no cloak)
rCorr    .         Harm     .   (no gloves)
MR       +....                  (no boots)
Stlth    +.........             (no amulet)
HPRegen  0.17/turn              (no ring)
MPRegen  0.10/turn              (no ring)

@: lethally poisoned (-3 -> -4), very slightly contaminated, invisible
A: deterioration 1, fire resistance 1, magic resistance 1, wild magic 1
a: Renounce Religion


You were on level 3 of the Dungeon.
You worshipped Trog.
Trog was noncommittal.
You were not hungry.

You visited 1 branch of the dungeon, and saw 4 of its levels.

You collected 83 gold pieces.

Inventory:

Hand Weapons
 k - a +1 short sword of freezing
 o - a +0 war axe (weapon)
Armour
 b - a +0 scale mail
 c - a +0 shield (worn)
 j - a +1 leather armour of cold resistance (worn)
Scrolls
 a - a scroll of immolation {unknown}
 h - a scroll of identify {unknown}
 m - 2 scrolls of teleportation {unknown}
 n - 4 scrolls of fog {unknown}
 p - a scroll of fear {unknown}
 q - a scroll of magic mapping {unknown}
 r - a scroll of blinking {unknown}
Potions
 e - 5 potions of curing {unknown}
 g - a potion of ambrosia {unknown}
 l - 3 potions of degeneration {unknown}
Comestibles
 f - 4 rations


   Skills:
 + Level 4.5 Fighting
 + Level 1.8 Short Blades
 + Level 4.3 Axes
 + Level 4.0 Armour
 + Level 1.3 Dodging
 + Level 0.2 Stealth
 + Level 4.4 Shields


You had 5 spell levels left.
You didn't know any spells.
Your spell library was empty.

Dungeon Overview and Level Annotations

Branches:
Dungeon (4/15)
 Temple: D:4-7

Altars:
Ru
Trog


Innate Abilities, Weirdness & Mutations

Your body sometimes deteriorates upon taking damage.
Your flesh is heat resistant. (rF+)
You are resistant to hostile enchantments. (MR+)
Your spells are a little harder to cast, but a little more powerful.


Message History

You feel sick. The iguana barely misses you.
You barely miss the iguana. The iguana bites you.
* * * LOW HITPOINT WARNING * * *
The iguana bites you!
* * * LOW HITPOINT WARNING * * *
You hit the iguana.
The iguana is moderately wounded.
The iguana misses you.
You fade into invisibility!
You feel sick. You block the iguana's attack.
You are very lightly contaminated with residual magic.
The iguana closely misses you.
You see here a worker ant corpse.
You feel sick.
It was a potion of mutation.
You feel extremely strange.
You feel resistant to heat.
You feel yourself wasting away.
You feel less in control of your magic.
You feel resistant to hostile enchantments.
The iguana bites you.
You die...

.# .# ######### ##
#.......######### #
#...............# #
#.......#######.#
#####.......# #.#
......(...### #.#
###################)#
................@l†>#
##.#######.##########
.........#.#
#..#####.#.# #..#
#.#.# #..#####.#.#
#........#.#
##.#######.#
.........#.#


You could see an iguana.

Vanquished Creatures
  An orc wizard (D:3)
  A worker ant (D:3)
  A howler monkey zombie (D:3)
  3 gnolls (D:2)
  3 adders
  An ooze (D:2)
  5 dart slugs
  2 leopard geckos
  6 orcs (D:3)
  2 giant cockroaches
  14 goblins
  5 hobgoblins
  11 jackals
  10 kobolds
  A ball python (D:2)
  5 bats
  6 frilled lizards
  10 rats
87 creatures vanquished.

Notes
Turn   | Place    | Note
-------+----------+-------------------------------------------
     0 | D:1      | Rerark the Hill Orc Fighter began the quest for the Orb.
     0 | D:1      | Reached XP level 1. HP: 19/19 MP: 1/1
   162 | D:1      | Reached XP level 2. HP: 24/27 MP: 2/2
   376 | D:1      | Reached XP level 3. HP: 33/33 MP: 3/3
   902 | D:2      | Reached XP level 4. HP: 36/40 MP: 4/4
  1403 | D:2      | Reached skill level 1 in Dodging
  1583 | D:2      | Reached skill level 1 in Short Blades
  1730 | D:3      | Reached XP level 5. HP: 46/46 MP: 5/5
  2430 | D:3      | Found a sacrificial altar of Ru.
  2738 | D:3      | Found a bloodstained altar of Trog.
  2747 | D:3      | Became a worshipper of Trog the Wrathful
  3510 | D:3      | Reached XP level 6. HP: 30/53 MP: 6/6
  3518 | D:3      | Gained mutation: Your flesh is heat resistant. (rF+) [potion of mutation]
  3518 | D:3      | Gained mutation: Your body sometimes deteriorates upon taking damage. [potion of mutation]
  3518 | D:3      | Gained mutation: Your spells are a little harder to cast, but a little more powerful. [potion of mutation]
  3518 | D:3      | Gained mutation: You are resistant to hostile enchantments. (MR+) [potion of mutation]
  3518 | D:3      | Slain by an iguana

Skill      XL: |  1  2  3  4  5 |
---------------+----------------+-----
Fighting       | 4 |  4.5
Axes           | 3 4 |  4.3
Shields        | 4 |  4.4
Dodging        | 1 |  1.3
Short Blades   | 1 |  1.8
Armour         | 4 |  4.0
Stealth        | |  0.2

Action                   |  1- 3 |  4- 6 || total
-------------------------+-------+-------++-------
Melee: War axe           |    73 |   105 ||   178
       Short sword       |    49 |    81 ||   130
  Use: Potion            |       |     3 ||     3
 Stab: Sleeping          |     1 |       ||     1
  Eat: Chunk             |       |     5 ||     5
       Ration            |       |     1 ||     1
Armor: Scale mail        |    39 |       ||    39
       Leather armour    |    14 |    54 ||    68
Dodge: Dodged            |    39 |    75 ||   114
Block: Shield            |    62 |    88 ||   150
